 Dungeon Crawl Stone Soup version 0.17-a0-1368-g6ab37f2 (webtiles) character file.

170 jdilger the Shield-Bearer (level 5, -3/36 HPs)
             Began as a Halfling Fighter on June 11, 2015.
             Slain by an orc wizard
             ... wielding a +0 dagger
              (6 damage)
             ... on level 3 of the Dungeon.
             The game lasted 00:09:20 (2138 turns).

jdilger the Shield-Bearer (Halfling Fighter)        Turns: 2138, Time: 00:09:20

Health: -3/36      AC:  2    Str: 16    XL:     5   Next: 80%
Magic:  5/5        EV: 12    Int:  7    God:
Gold:   84         SH: 10    Dex: 15    Spells: 0 memorised, 4 levels left

rFire  . . .     SeeInvis .     i - +0 hunting sling
rCold  . . .     Clarity  .     r - +0 robe
rNeg   . . .     SustAt   .     c - +0 shield
rPois  .         Gourm    .     (no helmet)
rElec  .         Spirit   .     (no cloak)
rCorr  .         Warding  .     (no gloves)
rMut   .         Stasis   .     (no boots)
MR     .....                    (no amulet)
Stlth  ++........               (no ring)
                                (no ring)

@: not resistant to hostile enchantments, unstealthy
A: mutation resistance 1
a: no special abilities


You were on level 3 of the Dungeon.
You were not hungry.

You visited 1 branch of the dungeon, and saw 3 of its levels.

You collected 84 gold pieces.

Inventory:

Hand weapons
 a - a +0 rapier
 i - a +0 hunting sling (weapon)
Missiles
 f - 44 stones (quivered)
 g - 2 throwing nets
 n - 15 poisoned needles
Armour
 b - a +0 scale mail
 c - a +0 shield (worn)
 k - a +0 robe
 l - a +0 robe
 r - a +0 robe (worn)
Jewellery
 o - an uncursed amulet of stasis {unknown}
Scrolls
 h - 7 scrolls of identify {unknown}
 p - 2 scrolls of blinking {unknown}
 q - 3 scrolls of fear {unknown}
Potions
 d - a potion of might
 j - 3 potions of agility {unknown}
Comestibles
 e - a bread ration


   Skills:
 + Level 3.4 Fighting
 + Level 3.2 Short Blades
 + Level 2.6 Slings
 + Level 0.3(1.4) Throwing
 + Level 3.7 Armour
 + Level 2.0 Dodging
 + Level 0.2 Stealth
 + Level 4.3 Shields


You had 4 spell levels left.
You didn't know any spells.

Dungeon Overview and Level Annotations

Branches:
Dungeon (3/15)

Altars:
The Shining One


Innate Abilities, Weirdness & Mutations

You are small and have problems with some larger weapons.
You are somewhat resistant to further mutation.


Message History

The orc is severely wounded.
You block the orc's attack.
Firing (i - inventory. (,) - cycle):
f - 46 stones (quivered)
Press: ? - help, Shift-Dir - straight line, f/p - orc
Aim: an orc, wielding a short sword and wearing a chain mail (severely wounded)
You shoot a stone. The stone hits the orc.
You kill the orc!
You hear some strange, mumbled words.
A puff of flame appears from out of thin air!
The puff of flame hits you!
* * * LOW HITPOINT WARNING * * *
Firing (i - inventory. (,) - cycle):
f - 45 stones (quivered)
Press: ? - help, Shift-Dir - straight line, f - adder skeleton
Aim: an adder skeleton You shoot a stone.
The stone barely misses the adder skeleton.
Something hits you.
* * * LOW HITPOINT WARNING * * *
Something hits you.
You die...

#### #...########
#..........#
#......>...######
#.(...(Z)@..#
#.#....#####.#
...#....# ..
#..#.#....## ##
#.##.#.....# #.#
[.#.....#### #.#
###........# #.
#......#(.#
#.###.........


You could see an adder skeleton.

Vanquished Creatures
  Jessica (D:2)
  Robin (D:2)
  4 adders (D:2)
  2 gnolls (D:2)
  2 worms (D:2)
  2 giant geckos (D:2)
  2 orcs (D:3)
  5 bats
  A giant cockroach (D:1)
  11 hobgoblins
  2 jackals
  8 kobolds
  2 giant newts
  15 goblins
  10 rats
68 creatures vanquished.

Notes
Turn   | Place    | Note
--------------------------------------------------------------
     0 | D:1      | jdilger the Halfling Fighter began the quest for the Orb.
     0 | D:1      | Reached XP level 1. HP: 15/15 MP: 1/1
   212 | D:1      | Reached XP level 2. HP: 10/20 MP: 2/2
   687 | D:1      | Reached XP level 3. HP: 22/26 MP: 3/3
   974 | D:2      | Noticed Robin
  1011 | D:2      | Reached XP level 4. HP: 13/31 MP: 4/4
  1054 | D:2      | Reached skill level 4 in Shields
  1067 | D:2      | Killed Robin
  1133 | D:2      | Reached skill level 1 in Dodging
  1259 | D:2      | HP: 1/31 [gnoll/halberd (2)]
  1353 | D:2      | Reached XP level 5. HP: 12/36 MP: 5/5
  1523 | D:2      | Reached skill level 1 in Slings
  1658 | D:2      | Found a faded altar to an unknown god.
  1662 | D:2      | Noticed Jessica
  1670 | D:2      | Killed Jessica
  1764 | D:2      | Found a glowing golden altar of the Shining One.
  2138 | D:3      | Slain by an orc wizard

Vault maps used:
D:1:      kilobyte_arrival_exit_the_forest, minmay_misc_feat_five,
          minmay_misc_feat_iff
D:2:      tso_oasis_becter, ecumenical_altar_2, minmay_misc_feat_roman,
          uniq_jessica, uniq_robin
D:3:      first_bread, minmay_crystal_water, minivault_27, minmay_cut_off

Action                   |  1- 3 |  4- 6 || total
-------------------------+-------+-------++-------
Melee: Rapier            |   117 |    84 ||   201
 Fire: Hunting sling     |       |   111 ||   111
Throw: Stone             |       |     3 ||     3
  Use: Potion            |     1 |     4 ||     5
  Eat: Bread ration      |       |     1 ||     1
